Map: Blueshift LE

Players

ShoWTimE

  • Race: Protoss Protoss
  • Spawn Location: 7:00

Lambo - Winner!

  • Race: Zerg Zerg
  • Spawn Location: 1:00

Event: WCS Montreal 2018

VOD

Have the link to the VOD?

Description

Time

  • Played on: Sept. 9, 2018, 10:54 a.m.
  • Length: 11:01

All games in this series

Show
View Real Time Build Order
Export as new Build Order

ShoWTimE Protoss 

Build Orders: 1 Gate Expand, Oracle Opening, Phoenix Opening, Archon Immortal, Zealot Archon, Archon Drop 

Get SALT Encoding   

  12  0:00  Probe  
  13  0:13  Probe  
  14  0:17  Pylon  
  14  0:25  Probe  
  15  0:33  Probe  
  15  0:41  Gateway, Probe  
  16  0:47  Assimilator  
  17  0:51  Probe  
  18  1:03  Probe  
  19  1:15  Probe  
  20  1:26  Nexus  
  20  1:36  Cybernetics Core  
  20  1:38  Probe  
  21  1:45  Assimilator  
  21  1:50  Probe  
  21  1:54  Pylon  
  22  2:02  Probe  
  22  2:04  Adept  
  23  2:15  Probe  
  26  2:17  Stargate  
  26  2:24  Warp Gate  
  26  2:28  Probe  
  27  2:30  Adept  
  27  2:35  Probe  
  29  2:40  Probe  
  29  2:43  Probe  
  32  2:52  Phoenix  
  32  2:53  Probe x2  
  34  3:05  Probe x2, Oracle  
  38  3:14  Pylon  
  38  3:17  Probe  
  42  3:22  Assimilator  
  42  3:23  Probe  
  42  3:24  Assimilator  
  43  3:29  Probe  
  43  3:31  Gateway  
  44  3:35  Probe  
  46  3:41  Probe  
  46  3:44  Robotics Facility, Probe  
  47  3:52  Probe  
  47  3:53  Probe  
  48  3:56  Twilight Council  
  48  4:02  Probe  
  49  4:05  Pylon, Probe  
  51  4:14  Probe  
  52  4:18  Gateway  
  52  4:21  Warp Prism, Gateway  
  52  4:26  Probe  
  52  4:27  Probe  
  54  4:37  Templar Archives  
  56  4:39  Adept  
  56  4:43  Adept  
  60  4:47  Pylon  
  60  4:56  Pylon  
  60  5:02  Nexus  
  60  5:03  Observer  
  60  5:04  Probe  
  60  5:06  Probe  
  63  5:15  Forge  
  63  5:16  Probe  
  63  5:18  Probe  
  65  5:21  High Templar x4  
  65  5:28  Shield Battery, Probe  
  74  5:29  Archon x2  
  74  5:34  Pylon, Immortal  
  75  5:37  Charge  
  75  5:47  Protoss Ground Weapons Level 1  
  78  5:51  Pylon  
  78  5:52  Probe x2  
  78  5:55  Robotics Facility  
  80  6:04  Probe x2  
  80  6:08  Immortal  
  80  6:09  Gateway  
  80  6:11  Psionic Storm  
  82  6:12  Gateway  
  82  6:14  Probe  
  82  6:16  Probe x2  
  89  6:26  Probe  
  89  6:28  High Templar, Probe  
  89  6:30  Probe, Assimilator  
  94  6:38  Immortal, Probe  
  95  6:40  Probe  
  95  6:42  Assimilator  
  95  6:43  Probe  
  97  6:50  Probe  
  97  6:52  Probe  
  97  6:54  Pylon  
  102  6:55  High Templar, Probe  
  102  7:00  Gateway  
  102  7:01  Gateway  
  105  7:03  Probe  
  105  7:06  High Templar  
  108  7:10  Photon Cannon  
  108  7:11  Photon Cannon  
  108  7:13  Immortal  
  108  7:17  High Templar  
  108  7:21  Shield Battery  
  107  7:23  Shield Battery  
  107  7:25  Pylon  
  111  7:34  Protoss Ground Weapons Level 2  
  111  7:36  Zealot x3  
  117  7:45  Pylon  
  117  7:47  Pylon  
  117  7:49  Pylon  
  117  7:53  Pylon  
  117  7:58  Pylon, Observer, Photon Cannon  
  117  8:00  Pylon  
  117  8:03  Shield Battery  
  118  8:05  Shield Battery  
  118  8:10  Zealot x2  
  122  8:19  High Templar x2  
  126  8:20  High Templar, Fleet Beacon  
  126  8:22  Immortal, Zealot x3  
  126  8:23  Pylon  
  136  8:33  Archon  
  118  8:38  Zealot x2  
  110  8:43  Zealot  
  110  8:44  Zealot x2  
  106  8:52  Zealot x3  
  112  8:55  Immortal  
  112  9:02  High Templar x2  
  116  9:14  Zealot x6  
  124  9:27  Immortal  
  116  9:36  Zealot x4  
  118  9:39  Zealot x4  
  118  9:57  High Templar x2  
  120  10:02  Zealot x4  
  120  10:04  Immortal  
  127  10:12  Zealot x2  
  113  10:23  High Templar x4  
  113  10:24  Nexus  
  121  10:31  Pylon  
  121  10:32  Archon  
  119  10:37  Zealot x3  
  121  10:47  Zealot  
Show
View Real Time Build Order
Export as new Build Order

Lambo Zerg - Winner!

Build Orders: Hatch First, Swarm Host 

Get SALT Encoding   

  12  0:00  Drone  
  13  0:08  Drone  
  14  0:17  Overlord  
  14  0:35  Drone  
  15  0:43  Hatchery  
  15  0:47  Drone  
  15  0:51  Drone  
  15  0:55  Drone  
  17  1:00  Drone  
  18  1:08  Extractor  
  17  1:16  Spawning Pool  
  17  1:17  Drone  
  17  1:20  Drone  
  18  1:30  Drone  
  19  1:42  Drone  
  20  1:57  Overlord  
  20  2:02  Queen  
  20  2:04  Queen  
  20  2:05  Drone  
  20  2:07  Zergling x4  
  27  2:13  Metabolic Boost  
  27  2:17  Drone x2  
  29  2:25  Drone  
  30  2:38  Hatchery  
  30  2:39  Drone  
  30  2:41  Drone  
  31  2:44  Drone  
  32  2:51  Overlord  
  32  2:52  Drone  
  32  2:58  Queen  
  33  3:02  Drone  
  36  3:12  Drone x4  
  40  3:14  Overlord  
  40  3:15  Drone  
  40  3:18  Drone  
  42  3:23  Overlord  
  42  3:25  Drone  
  42  3:26  Drone  
  44  3:34  Drone x2  
  44  3:35  Queen  
  48  3:42  Drone  
  48  3:45  Drone x3  
  52  3:50  Spore Crawler  
  52  3:51  Queen  
  52  3:52  Spore Crawler  
  52  3:55  Overlord  
  52  3:58  Drone  
  52  4:01  Zergling x2  
  52  4:02  Drone x2  
  56  4:06  Overlord  
  56  4:07  Drone  
  57  4:11  Drone x2  
  57  4:13  Drone  
  57  4:14  Drone  
  60  4:18  Drone x2  
  60  4:23  Drone, Roach Warren  
  62  4:24  Drone  
  62  4:31  Lair  
  63  4:33  Drone x2  
  63  4:34  Drone  
  63  4:35  Extractor  
  63  4:36  Extractor  
  63  4:38  Drone x2  
  66  4:39  Drone  
  66  4:43  Drone x2  
  69  4:49  Overlord  
  69  4:50  Zergling x4  
  69  4:51  Zergling x6  
  74  4:56  Overlord  
  74  5:02  Overlord  
  74  5:04  Overlord  
  74  5:07  Extractor, Queen  
  74  5:08  Extractor  
  74  5:10  Evolution Chamber  
  74  5:11  Drone x3  
  76  5:14  Drone x2  
  76  5:16  Drone x2  
  80  5:22  Overlord  
  80  5:26  Roach x4  
  80  5:28  Roach x4  
  96  5:36  Zerg Missile Weapons Level 1  
  96  5:38  Roach  
  96  5:41  Drone x2  
  96  5:42  Drone  
  101  5:44  Overlord  
  101  5:45  Extractor, Drone, Infestation Pit  
  101  5:47  Drone x2  
  102  5:53  Drone  
  102  5:54  Drone  
  102  5:56  Overseer  
  104  5:59  Glial Reconstitution  
  104  6:01  Drone x2  
  104  6:02  Drone  
  106  6:05  Overlord  
  106  6:09  Roach x3  
  112  6:11  Overlord  
  112  6:19  Hatchery  
  112  6:20  Overlord  
  109  6:37  Overlord  
  109  6:38  Overlord x2  
  109  6:40  Swarm Host x9  
  109  6:45  Overlord  
  136  6:55  Overlord  
  136  6:56  Overlord  
  136  7:04  Swarm Host x6  
  154  7:08  Overseer  
  154  7:11  Spine Crawler  
  154  7:13  Spine Crawler x2  
  154  7:14  Swarm Host  
  154  7:15  Spine Crawler  
  153  7:16  Spine Crawler  
  153  7:21  Swarm Host  
  153  7:22  Swarm Host  
  158  7:26  Roach x4  
  158  7:28  Roach  
  158  7:29  Roach  
  170  7:33  Roach x2  
  174  7:40  Roach x3  
  174  7:41  Roach  
  174  7:43  Overlord  
  182  7:50  Roach x5  
  192  7:54  Overlord  
  191  8:16  Roach x6  
  191  8:17  Ravager  
  200  8:32  Roach  
  186  8:41  Roach x7  
  186  8:44  Roach x8  
  193  8:48  Queen  
  193  8:51  Ravager x5  
  200  9:01  Ravager  
  200  9:02  Roach x3  
  199  9:23  Roach  
  199  9:27  Roach x4  
  189  9:33  Roach  
  189  9:34  Roach x8  
  191  9:40  Roach x6  
  192  9:48  Roach  
  192  9:49  Roach x4  
  198  10:11  Roach x4  
  195  10:18  Roach  
  195  10:19  Roach x5  
  196  10:24  Hydralisk Den  
  196  10:26  Ravager  
  192  10:36  Hatchery  
  192  10:38  Roach x7  
Tags
 
Add a new tag
Caveats
  • Supply blocks, unpowered buildings, or Contaminate may cause inaccurate times.
  • Supply counts are checked every 10 seconds.